 Dungeon Crawl Stone Soup version 0.18.1-48-g4cf74bf (webtiles) character file.

19642 rjaguar3 the Basher (level 12, -3/115 HPs)
             Began as a Minotaur Berserker on July 1, 2016.
             Was a High Priest of Trog.
             Slain by Snorg (6 damage)
             ... on level 11 of the Dungeon on July 2, 2016.
             The game lasted 00:53:37 (12737 turns).

rjaguar3 the Basher (Minotaur Berserker)           Turns: 12737, Time: 00:53:38

Health: -3/115     AC: 15    Str: 23    XL:     12   Next: 38%
Magic:  11/11      EV: 16    Int:  4    God:    Trog [*****.]
Gold:   590        SH:  0    Dex: 14    Spells: 0 memorised, 11 levels left

rFire  . . .     SeeInvis +     a - +0 mace
rCold  . . .     Gourm    .     x - +4 scale mail {MR+}
rNeg   + . .     Faith    .     (no shield)
rPois  .         Spirit   .     m - +0 hat {SInv}
rElec  .         Dismiss  .     Q - +0 cloak (curse)
rCorr  .         Reflect  .     R - +0 pair of gloves
SustAt +         Harm     .     (no boots)
MR     +....                    (no amulet)
Stlth  +.........               k - ring of sustain attributes
                                g - ring of positive energy

@: somewhat resistant to hostile enchantments, very unstealthy
A: retaliatory headbutt, horns 2
a: Berserk, Trog's Hand, Brothers in Arms, Burn Spellbooks, Renounce Religion


You were on level 11 of the Dungeon.
You worshipped Trog.
Trog was extremely pleased with you.
You were very hungry.

You visited 1 branch of the dungeon, and saw 11 of its levels.

You collected 590 gold pieces.

Inventory:

Hand Weapons
 a - a +0 mace (weapon)
 h - a +2 antimagic hand axe
 u - a +2 dagger of speed
 y - a cursed -1 dagger
 A - a +0 hunting sling
 F - a cursed -3 falchion
 X - a +2 quarterstaff of draining
Missiles
 o - 235 stones
 H - 10 tomahawks (quivered)
 T - 8 exploding tomahawks
Armour
 m - a +0 hat of see invisible (worn)
 v - a +0 cloak
 x - a +4 scale mail of magic resistance (worn)
 Q - a cursed +0 cloak (worn)
 R - a +0 pair of gloves (worn)
Jewellery
 g - a ring of positive energy (left hand)
 k - a ring of sustain attributes (right hand)
 w - a +4 ring of intelligence
 L - an uncursed ring of magical power
Wands
 f - a wand of heal wounds (1/9)
 n - a wand of lightning (10/15)
 D - a wand of slowing (17/48)
 J - a wand of flame (10/48)
 M - a wand of confusion (24/48)
Scrolls
 b - a scroll of fear
 i - 4 scrolls of enchant armour
 t - 2 scrolls of enchant weapon {unknown}
 N - a scroll of blinking {unknown}
 O - a scroll of vulnerability {unknown}
 P - a scroll of magic mapping {unknown}
 U - 2 scrolls of remove curse
 V - a scroll of silence {unknown}
 W - a scroll of torment {unknown}
Potions
 d - a potion of cancellation
 e - 3 potions of flight
 j - a potion of resistance
 l - 3 potions of brilliance
 q - a potion of ambrosia {unknown}
 r - a potion of mutation {unknown}
 z - a potion of beneficial mutation {unknown}
 C - 3 potions of curing
 G - 3 potions of haste
 I - a potion of lignification {unknown}
 Y - 2 potions of heal wounds
Books
 E - an Akashic Record

   Spells                             Type                      Level
   a - Dispersal                      Translocation                6
   b - Malign Gateway                 Summoning/Translocation      7
   c - Disjunction                    Translocation                8
   d - Controlled Blink               Translocation                8
   Trog disapproves of the use of such an item.
Comestibles
 c - 10 bread rations
 p - 5 meat rations
 s - 2 beef jerkies
 B - 8 slices of pizza
 K - 11 fruits
 S - 2 royal jellies


   Skills:
 * Level 13.5 Fighting
 * Level 13.7 Maces & Flails
 + Level 3.7 Throwing
 + Level 9.6 Armour
 + Level 10.3 Dodging
 + Level 2.4 Stealth


You had 11 spell levels left.
You didn't know any spells.

Dungeon Overview and Level Annotations

Branches:
Dungeon (11/15)            Temple (0/1) D:7            Lair (0/8) D:11
    Orc: D:9-12

Altars:
Ashenzari
Cheibriados
Nemelex Xobeh
Okawaru
Qazlal
Ru
Trog
Xom

Annotations:
D:11 Josephine, Snorg


Innate Abilities, Weirdness & Mutations

You reflexively headbutt those who attack you in melee.
You have a pair of horns on your head.


Message History

You barely miss Snorg. You headbutt Snorg.
Snorg is almost dead.
Snorg bites you!
* * * LOW HITPOINT WARNING * * *
Snorg claws you.
* * * LOW HITPOINT WARNING * * *
Snorg claws you!
* * * LOW HITPOINT WARNING * * *
Evoke which item? (* to show all) (? for menu, Esc to quit)
Zapping:
f - a wand of heal wounds (2/9)
Press: ? - help, Shift-Dir - straight line, f - you You feel much better.
This wand has 1 charge left.
Snorg closely misses you. You furiously retaliate!
You headbutt Snorg! Snorg claws you!
* * * LOW HITPOINT WARNING * * *
Snorg claws you.
* * * LOW HITPOINT WARNING * * *
Snorg bites you!!
* * * LOW HITPOINT WARNING * * *
Snorg claws you.
You die...

#.............
#.............
#.............
#.............
#.............
#......$......
....
#............#
....
#.....@.....#
....
##....T...###
... ####....##
.# ###### .# #
#


You could see Snorg (berserk).

Vanquished Creatures
  Gastronok (D:10)
  Maud (D:10)
  3 hydras
  The ghost of Rationalist the Blocker, a novice MiFi of Trog (D:10)
  Nergalle (D:10)
  A hill giant (D:11)
  Pikel (D:4)
  An ugly thing (D:10)
  Maurice (D:10)
  Psyche (D:11)
  A gargoyle (D:10)
  3 trolls
  Sigmund (D:5)
  A water elemental (D:11)
  2 wraiths (D:11)
  2 wyverns
  6 yaks
  A vampire (D:10)
  2 hogs (D:8)
  A human (D:8)
  A basilisk (D:11)
  4 hippogriffs
  Menkaure (D:5)
  A steam dragon (D:9)
  Edmund (D:6)
  2 water moccasins
  Duvessa (D:5)
  2 ice beasts (D:7)
  2 black bears
  6 sky beasts
  A necrophage (D:7)
  7 ogres
  5 orc warriors
  3 wolves (D:11)
  An eye of draining (D:8)
  7 centaurs
  A crocodile (D:11)
  A wyvern zombie (D:10)
  A big kobold (D:8)
  7 giant frogs
  Dowan (D:5)
  6 scorpions
  4 killer bees (D:9)
  An electric eel (D:11)
  12 wights
  4 howler monkeys
  4 crimson imps
  7 hounds
  2 quasits
  A centaur zombie (D:5)
  3 jellies
  10 orc wizards
  2 orc priests
  Crazy Yiuf (D:2)
  3 giant frog skeletons
  2 iguanas
  Natasha (thrice) (D:3)
  7 worker ants
  2 sheep (D:8)
  3 hound skeletons
  2 worker ant zombies
  A howler monkey skeleton (D:8)
  13 adders
  13 gnolls
  4 shadow imps
  3 adder skeletons
  3 worms
  5 dart slugs
  3 giant geckos
  39 orcs
  A ball python (D:4)
  11 giant cockroaches
  5 goblins
  9 hobgoblins
  23 jackals
  9 kobolds
  3 quokkas
  11 bats
  3 giant newts
  8 rats
334 creatures vanquished.

Vanquished Creatures (collateral kills)
  Sonja (D:11)
  A hill giant (D:10)
2 creatures vanquished.

Vanquished Creatures (others)
  A slave (D:4)
  An orc priest (D:4)
  A hound (D:4)
  An orc wizard (D:4)
  3 orcs (D:4)
  2 jackals (D:4)
  4 fungi (D:7)
13 creatures vanquished.

Grand Total: 349 creatures vanquished

Notes
Turn   | Place    | Note
--------------------------------------------------------------
     0 | D:1      | rjaguar3 the Minotaur Berserker began the quest for the Orb.
     0 | D:1      | Reached XP level 1. HP: 19/19 MP: 0/0
   247 | D:1      | Reached XP level 2. HP: 27/27 MP: 1/1
   434 | D:1      | Reached ** piety under Trog
   749 | D:2      | Reached XP level 3. HP: 27/33 MP: 2/2
   761 | D:2      | Found a sparkling altar of Nemelex Xobeh.
  1064 | D:2      | Reached XP level 4. HP: 41/41 MP: 3/3
  1554 | D:2      | Reached skill level 5 in Maces & Flails
  1748 | D:2      | Noticed Crazy Yiuf
  1754 | D:2      | Killed Crazy Yiuf
  1944 | D:3      | Reached skill level 5 in Fighting
  1944 | D:3      | Reached XP level 5. HP: 48/48 MP: 4/4
  2007 | D:3      | Noticed Natasha
  2014 | D:3      | Killed Natasha
  2132 | D:3      | Noticed Natasha
  2204 | D:3      | Killed Natasha
  2204 | D:3      | Reached *** piety under Trog
  2204 | D:3      | Reached skill level 1 in Stealth
  2370 | D:3      | Found a stormy altar of Qazlal.
  2576 | D:3      | Noticed Natasha
  2579 | D:3      | Killed Natasha
  2579 | D:3      | Reached XP level 6. HP: 56/56 MP: 5/5
  2815 | D:4      | Noticed a slave
  3006 | D:4      | Noticed a slave
  3008 | D:4      | Noticed Pikel
  3013 | D:4      | Noticed a slave
  3018 | D:4      | Killed Pikel
  3018 | D:4      | Reached skill level 5 in Dodging
  3018 | D:4      | Reached XP level 7. HP: 8/64 MP: 6/6
  4085 | D:5      | Entered Level 5 of the Dungeon
  4094 | D:5      | Reached XP level 8. HP: 53/73 MP: 7/7
  4442 | D:5      | Found a shattered altar of Ashenzari.
  4546 | D:5      | Noticed Dowan
  4547 | D:5      | Noticed Duvessa
  4564 | D:5      | Killed Duvessa
  4571 | D:5      | Killed Dowan
  4667 | D:5      | Found an iron altar of Okawaru.
  4806 | D:5      | Noticed Sigmund
  4811 | D:5      | Killed Sigmund
  4811 | D:5      | Reached **** piety under Trog
  4986 | D:5      | Noticed Menkaure
  4991 | D:5      | Killed Menkaure
  5784 | D:6      | Reached XP level 9. HP: 82/82 MP: 8/8
  6013 | D:6      | Found a snail-covered altar of Cheibriados.
  6015 | D:6      | Found a sacrificial altar of Ru.
  6641 | D:6      | Noticed Edmund
  6651 | D:6      | Killed Edmund
  6651 | D:6      | Reached skill level 1 in Throwing
  6798 | D:7      | Found a staircase to the Ecumenical Temple.
  6966 | D:7      | Reached skill level 10 in Fighting
  7288 | D:7      | Reached skill level 5 in Armour
  7293 | D:7      | Reached skill level 10 in Maces & Flails
  7312 | D:7      | Reached ***** piety under Trog
  7533 | D:7      | Found a shimmering altar of Xom.
  7767 | D:8      | Reached XP level 10. HP: 90/94 MP: 9/9
  8141 | D:8      | Noticed a four-headed hydra
  8150 | D:8      | Killed a four-headed hydra
  8789 | D:9      | Found a bloodstained altar of Trog.
  9291 | D:10     | Entered Level 10 of the Dungeon
  9361 | D:10     | Noticed Nergalle
  9374 | D:10     | Noticed Maud
  9402 | D:10     | Noticed Maurice
  9425 | D:10     | Killed Maurice
  9425 | D:10     | Reached XP level 11. HP: 82/102 MP: 10/10
  9442 | D:10     | Noticed Gastronok
  9465 | D:10     | Noticed Rationalist's ghost (novice MiFi)
  9678 | D:10     | Killed Maud
 10276 | D:11     | Noticed a five-headed hydra
 10285 | D:11     | Killed a five-headed hydra
 10457 | D:11     | Received a gift from Trog
 10552 | D:11     | Noticed Psyche
 10563 | D:11     | Killed Psyche
 10727 | D:11     | Noticed a hill giant
 10728 | D:11     | Noticed a red ugly thing
 10738 | D:11     | Noticed Josephine
 10764 | D:11     | Killed a hill giant
 10965 | D:11     | Noticed Sonja
 10973 | D:11     | Killed Sonja
 11403 | D:11     | Found a staircase to the Lair.
 11490 | D:10     | Noticed a hill giant
 11494 | D:10     | Killed a hill giant
 11951 | D:10     | Noticed a four-headed hydra
 11961 | D:10     | Killed a four-headed hydra
 11961 | D:10     | Reached skill level 10 in Dodging
 11961 | D:10     | Reached XP level 12. HP: 64/115 MP: 11/11
 12032 | D:10     | Killed Gastronok
 12331 | D:10     | Killed Nergalle
 12543 | D:10     | Killed Rationalist's ghost
 12723 | D:11     | Noticed Snorg
 12737 | D:11     | HP: 3/115 [Snorg (18)]
 12737 | D:11     | Slain by Snorg

Skill      XL: |  1  2  3  4  5  6  7  8  9 10 11 |
---------------+----------------------------------+-----
Fighting       | 4 5 6 7 8 10 11 13 | 13.5
Maces & Flails | 4 5 6 7 8 10 11 13 | 13.7
Dodging        | 3 4 5 7 8 10 | 10.3
Stealth        | 1 2 |  2.4
Armour         | 3 5 7 9 |  9.6
Throwing       | 1 2 3 |  3.7

Action                   |  1- 3 |  4- 6 |  7- 9 | 10-12 || total
-------------------------+-------+-------+-------+-------++-------
Melee: Mace              |    69 |    84 |   361 |   561 ||  1075
       Headbutt          |     9 |    13 |    74 |   148 ||   244
Throw: Stone             |       |     8 |    19 |       ||    27
       Tomahawk          |       |       |     3 |    36 ||    39
Invok: Berserk           |     1 |     6 |    11 |    20 ||    38
       Trog's Hand       |       |     1 |       |     6 ||     7
       Brothers in Arms  |       |       |       |     2 ||     2
Evoke: Wand              |       |       |       |     2 ||     2
  Use: Scroll            |       |     9 |     5 |    10 ||    24
       Potion            |       |       |     1 |       ||     1
 Stab: Sleeping          |       |     1 |     1 |       ||     2
  Eat: Chunk             |       |    12 |    25 |    33 ||    70
       Beef jerky        |       |       |     2 |     3 ||     5
Armor: Animal skin       |    10 |    13 |    16 |       ||    39
       Scale mail        |       |       |    89 |   228 ||   317
Dodge: Dodged            |    57 |    52 |   242 |   376 ||   727
